 Dungeon Crawl Stone Soup version 0.18-a0-731-ga019a5f (webtiles) character file.

250841 4thArraOfDagon the Cruncher (level 18, -1/175 HPs)
             Began as a Demigod Air Elementalist on Dec 9, 2015.
             Slain by an acid blob (26 damage)
             ... created by the Royal Jelly
             ... on level 6 of the Pits of Slime.
             The game lasted 03:08:38 (23201 turns).

4thArraOfDagon the Cruncher (DgAE)                 Turns: 23201, Time: 03:08:38

Health: -1/175     AC: 17    Str: 20    XL:     18   Next: 24%
Magic:  31/38      EV: 21    Int: 29    God:
Gold:   1828       SH:  0    Dex: 16    Spells: 11 memorised, 6 levels left

rFire  . . .     SeeInvis .     W - +5 lajatang (elec)
rCold  + + .     Rnd*Rage +     (armour currently unavailable)
rNeg   + . .     SustAt   +     (shield currently unavailable)
rPois  ∞         Gourm    .     N - +2 hat
rElec  +         Spirit   .     a - +2 cloak {MR+}
rCorr  +         Dismiss  .     (gloves currently unavailable)
rMut   .         Stasis   .     (boots currently unavailable)
MR     +++..                    V - amulet of resist corrosion
Stlth  +++.......               B - ring "Guix" {rF+ rC+ Stlth+}
                                i - ring "Bywemidd" {Ice +Inv Int+4}

@: mighty, statue-form (expiring), corroded equipment, very slightly
contaminated, regenerating, hasted, studying Earth Magic, repel missiles, quick,
extremely resistant to hostile enchantments, fairly stealthy
A: (thin metallic scales 0), agile 1, berserk 1, blurry vision 1, breathe flames
1, frail 1, high mp 1, magic resistance 1, weak 2, sustain attributes,
MP-powered wands
a: End Transformation, Breathe Fire, Evoke Invisibility
}: 2/15 runes: barnacled, gossamer


You were on level 6 of the Pits of Slime.
You were full.
You were a stone statue.
You visited 7 branches of the dungeon, and saw 44 of its levels.
You also visited: Labyrinth and Ice Cave.

You collected 3397 gold pieces.
You spent 1519 gold pieces at shops.

Inventory:

Hand Weapons
 l - the +6 lajatang "Xaecs" {slice, rC+ MR+}
   (You acquired it on level 5 of the Dungeon)

   It inflicts extra damage upon your enemies.
   It protects you from cold.
   It affects your resistance to hostile enchantments.
 W - a +5 lajatang of electrocution (weapon)
 Z - the +7 glaive "Etugoel" {speed, +Blink rF- Int+4 SInv}
   (You found it in a labyrinth)

   Attacks with this weapon are significantly faster.
   It affects your intelligence (+4).
   It makes you vulnerable to fire.
   It lets you see invisible.
   It lets you blink.
Missiles
 b - 3 throwing nets (quivered)
Armour
 a - a +2 cloak of magic resistance (worn)
 o - a +0 pair of boots (melded)
 y - the +1 leather armour "Rixe" (melded) {Str+2 Int+6}
   (You found it on level 2 of the Shoals)

   It affects your strength (+2).
   It affects your intelligence (+6).
 N - a +2 hat (worn)
 R - a +1 pair of gloves (melded)
Magical Staves
 u - an uncursed staff of energy {!a}
Jewellery
 i - the ring "Bywemidd" (left hand) {Ice +Inv Int+4}
   (You took it off a deep elf death mage on level 3 of the Elven Halls)

   [ring of ice]

   It enhances your ice magic, and weakens your fire magic.
   It affects your intelligence (+4).
   It makes you vulnerable to fire.
   It protects you from cold.
   It lets you turn invisible.
 z - a +5 ring of protection
 A - an uncursed amulet of regeneration
 B - the ring "Guix" (right hand) {rF+ rC+ Stlth+}
   (You took it off a deep elf blademaster on level 3 of the Elven Halls)

   [ring of stealth]

   It protects you from fire.
   It protects you from cold.
   It makes you more stealthy.
 E - an uncursed ring of positive energy
 U - an uncursed ring of teleportation
 V - an amulet of resist corrosion (around neck)
Wands
 h - a wand of disintegration (12)
 w - a wand of heal wounds (6)
 C - a wand of teleportation (5)
 G - a wand of fire (11)
 P - a wand of digging (12)
 Y - a wand of teleportation (4)
Scrolls
 n - 2 scrolls of holy word
 s - a scroll of brand weapon
 t - 4 scrolls of fear
 F - 5 scrolls of remove curse
 H - 2 scrolls of magic mapping
 K - a scroll of summoning
 Q - 4 scrolls of recharging
Potions
 d - 5 potions of curing
 e - a potion of cure mutation
 f - 2 potions of cancellation
 m - 3 potions of brilliance
 q - 5 potions of lignification
 x - 2 potions of haste
 J - 4 potions of might
 L - a potion of invisibility
 M - a potion of ambrosia
 O - 3 potions of resistance
Books
 k - a manual of Earth Magic
Miscellaneous
 j - a box of beasts {used: 3}
 r - a fan of gales
 S - a lantern of shadows
 T - an ornate deck of changes {Focus, drawn: 3}
Comestibles
 c - 9 bread rations
 g - 4 royal jellies
 I - 10 meat rations


   Skills:
 + Level 11.0 Fighting
 - Level 14.0 Staves
 - Level 7.0 Armour
 + Level 12.5 Dodging
 - Level 1.7 Stealth
 + Level 11.5 Spellcasting
 - Level 3.9 Conjurations
 - Level 3.0 Charms
 * Level 10.2 Summonings
 - Level 3.8 Necromancy
 - Level 2.4 Translocations
 - Level 10.6 Transmutations
 - Level 3.0 Fire Magic
 - Level 3.1 Air Magic
 - Level 10.0 Earth Magic
 - Level 5.0 Evocations


You had 6 spell levels left.
You knew the following spells:

 Your Spells              Type           Power        Failure   Level  Hunger
a - Regeneration          Chrm/Necr      #####.....   2%          3    None
b - Repel Missiles        Chrm/Air       ####..       1%          2    None
c - Swiftness             Chrm/Air       ####....     1%          2    None
d - Animate Skeleton      Necr           N/A          1%          1    None
e - Conjure Flame         Conj/Fire      ###.....     2%          3    None
f - Cure Poison           Pois           ###.......   6%          2    None
g - Sticky Flame          Conj/Fire      ###.....     10%         4    None
h - Stoneskin             Trmt/Erth      ######..     1%          2    None
i - Statue Form           Trmt/Erth      ######...    10%         6    #####..
j - Apportation           Tloc           ####......   1%          1    None
k - Summon Horrible Thin  Summ           ######....   100%        8    #######


Dungeon Overview and Level Annotations

Branches:
Dungeon (15/15)            Temple (0/1) D:5            Lair (8/8) D:11
 Shoals (4/4) Lair:5       Spider (4/4) Lair:6        Slime (6/6) Lair:8
    Orc (4/4) D:12            Elf (3/3) Orc:4        Vaults (0/5) D:14
 Depths: D:15

Shops:
D:5 (   Orc:4 =:}(   Elf:2 ?

Portals:
Trove: D:15 (show abyssal rune of Zot)

Annotations:
D:12 2 runed doors
D:14 VAULTS, 1 runed door
D:15 Agnes
Lair:8 HandofTrog's ghost, journeyman TrMo
Shoals:4 Ilsuiw
Slime:6 Royal Jelly
Orc:4 Raultor's ghost, journeyman DsGl
Elf:1 MANUA:L OF XBOWS
Elf:2 3 runed doors


Innate Abilities, Weirdness & Mutations

You have an increased reservoir of magic (+10% MP).
Your attributes are resistant to harm.
((You are partially covered in thin metallic scales (AC +2).))
You are agile. (Dex +2)
You tend to lose your temper in combat.
Scrolls take you a little longer to read.
You can breathe flames.
You are frail (-10% HP).
You are resistant to hostile enchantments.
You are very weak. (Str -4)
You expend magic power (3 MP) to strengthen your wands.


Message History

The Royal Jelly spits out another jelly.
Your transformation is almost over.
Your juvenile batfire beast hits the Royal Jelly but does no damage.
The acid corrodes your juvenile batfire beast!
Your juvenile batfire beast is burned by acid!
The Royal Jelly hits your juvenile batfire beast!!!
Your juvenile batfire beast dies!
Your juvenile batfire beast's corpse disappears in a puff of smoke!
Unknown command.
Unknown command.
Unknown command.
Unknown command.
You slash the Royal Jelly!
There is a sudden explosion of sparks!
Your hands burn!
* * * LOW HITPOINT WARNING * * *
The Royal Jelly is almost dead.
The Royal Jelly shudders.
The Royal Jelly spits out another jelly.
The acid blob hits you!!
You die...

................######.## ##.....
................# #..# .....
...............## #.## ....
..............# #..# ...
............## ##.# #..
............. #..# ..
............. #.## ##.
.............########..########..
...............#8JJ#._..#...#....
.............#JJJ#J.......#...##.
..... ......#########..#########.
....... #.## #.. ....... #..# ##.
.......# ##.# ###. ........ #..#
#... ........## #.## ###...
........### #..# #.....


You could see the Royal Jelly, an acid blob, 2 azure jellies and 2 death oozes.

Vanquished Creatures
  Nikola (Shoals:2)
  Jorgrun (Shoals:3)
  2 deep elf blademasters (Elf:3)
  14 acid blobs
  2 deep elf master archers (Elf:3)
  Polyphemus (Shoals:2)
  2 azure jellies
  7 deep elf sorcerers (Elf:3)
  Donald (Lair:5)
  Aizul (Shoals:2)
  A frost giant (Shoals:4)
  3 ghost moths (Spider:4)
  6 emperor scorpions (Spider:4)
  7 deep elf demonologists (Elf:3)
  6 deep elf annihilators (Elf:3)
  2 spark wasps (Spider:4)
  2 blizzard demons (IceCv)
  7 deep elf death magi (Elf:3)
  Snorg (D:12)
  A merfolk javelineer (Shoals:4)
  A death ooze (Slime:4)
  5 merfolk impalers
  Josephine (D:15)
  A minotaur (Lab)
  An entropy weaver (Spider:4)
  4 great orbs of eyes
  3 vault guards (D:14)
  2 deep elf high priests (Elf:3)
  A hydra (Lair:8)
  2 ogre magi (Orc:4)
  3 centaur warriors
  5 merfolk aquamancers
  5 catoblepae
  4 merfolk avatars
  2 alligator snapping turtles
  2 dancing weapons (Elf:2)
  2 tengu warriors
  Urug (Lair:4)
  2 orc high priests (Elf:3)
  9 death yaks
  8 deep elf knights
  The ghost of emiel the Cleaver, a novice DDNe of Makhleb (D:9)
  The ghost of 4thArraOfDagon the Cleaver, a novice VSBe of Trog (D:11)
  A necromancer (D:15)
  A giant orange brain (Slime:6)
  A lindwurm (Lair:4)
  A deep troll (Orc:4)
  2 orc knights (Orc:1)
  3 deep elf summoners (Elf:3)
  5 sea snakes
  A kraken simulacrum (Shoals:4)
  23 wolf spiders
  9 hornets (Spider:4)
  9 deep elf conjurers
  8 manticores
  A mana viper (shapeshifter) (Elf:2)
  9 hill giants
  13 harpies
  5 water nymphs
  14 orb spiders
  4 cyclopes
  6 griffons
  8 shining eyes
  2 fauns (Shoals:1)
  An orc sorcerer (Orc:1)
  An ugly thing (D:14)
  3 sirens
  4 black mambas
  2 ice statues
  9 spiny frogs
  5 komodo dragons
  14 demonic crawlers
  A kobold demonologist (D:14)
  3 fire drakes
  A tengu conjurer (D:13)
  5 freezing wraiths
  3 deep elf priests
  26 jumping spiders
  7 trolls
  16 merfolk
  A two-headed ogre (shapeshifter) (Elf:3)
  7 polar bears
  2 queen bees (shapeshifter)
  7 ice devils (IceCv)
  A queen bee (Spider:4)
  A wind drake (Shoals:4)
  6 anaconda simulacra (IceCv)
  12 blink frogs
  6 two-headed ogres
  24 slime creatures
  4 centaur simulacra
  9 snapping turtles
  10 water elementals
  11 trapdoor spiders
  4 wyverns
  4 wraiths
  A spriggan (D:7)
  15 tarantellas
  25 deep elf magi
  31 redbacks
  23 yaks
  3 basilisks
  25 deep elf fighters
  A hungry ghost (D:12)
  2 dire elephant simulacra (IceCv)
  A vampire mosquito (D:12)
  4 hippogriffs
  5 harpy simulacra (IceCv)
  2 wolves (D:10)
  9 water moccasins
  An iron troll simulacrum (IceCv)
  4 hydra simulacra (IceCv)
  10 porcupines
  A warg (Orc:1)
  22 orc warriors
  3 necrophages
  16 ice beasts
  7 centaurs
  An ettin simulacrum (IceCv)
  22 ogres
  3 wasps
  A sky beast (D:8)
  12 crocodiles
  3 phantoms
  6 eyes of draining
  A big kobold (D:14)
  7 giant frogs
  A wyvern skeleton (D:13)
  5 scorpions
  An elephant simulacrum (IceCv)
  4 wights (D:15)
  An electric eel (Lair:8)
  29 killer bees
  A wyvern simulacrum (D:14)
  3 draconian simulacra (IceCv)
  5 crimson imps
  2 centaur skeletons
  2 giant frog skeletons
  A giant frog zombie (D:13)
  18 orc priests
  4 hounds
  19 jellies
  Jessica (D:3)
  2 troll simulacra (IceCv)
  A gnoll shaman (D:9)
  2 iguanas (Lair:2)
  33 orc wizards
  6 worker ants
  A polar bear simulacrum (IceCv)
  2 spriggan simulacra (IceCv)
  13 sheep
  A giant frog simulacrum (D:10)
  A naga simulacrum (IceCv)
  2 worker ant zombies
  5 adders
  9 gnolls
  An ogre simulacrum (IceCv)
  54 river rats
  A hound simulacrum (D:10)
  2 shadow imps
  7 white imps
  A worker ant simulacrum (D:10)
  2 oozes
  11 ufetubi (IceCv)
  A worm (D:3)
  2 giant geckos
  146 orcs
  A ball python (D:5)
  4 giant cockroaches
  2 goblins
  8 hobgoblins
  5 jackals (D:3)
  4 quokkas (D:3)
  6 bats
  A giant gecko skeleton (D:7)
  8 kobolds
  3 rats
  A plant (Lair:7)
1183 creatures vanquished.

Vanquished Creatures (collateral kills)
  A merfolk impaler (Shoals:2)
  A shining eye (Slime:3)
  3 merfolk (Shoals:2)
  A snapping turtle (Shoals:2)
  A water elemental (Shoals:2)
  2 river rats (Lair:5)
9 creatures vanquished.

Vanquished Creatures (others)
  Erolcha (Orc:1)
  A death yak (Shoals:2)
  A harpy (Shoals:3)
  A water nymph (Shoals:4)
  A centaur (D:8)
  A giant frog (D:8)
  A worker ant (D:8)
  A gnoll (D:8)
  An adder (D:8)
  An orc (Orc:1)
  3 giant cockroaches (Lair:8)
  5 fungi
  7 plants
  3 tentacles (Shoals:4)
  35 tentacle segments (Shoals:4)
63 creatures vanquished.

Grand Total: 1255 creatures vanquished

Notes
Turn   | Place    | Note
--------------------------------------------------------------
     0 | D:1      | 4thArraOfDagon the Demigod Air Elementalist began the quest for the Orb.
     0 | D:1      | Reached XP level 1. HP: 14/14 MP: 5/5
   123 | D:4      | Noticed a worker ant
   141 | D:4      | Gained mutation: You are resistant to hostile enchantments. [potion of mutation]
   141 | D:4      | Gained mutation: You have large cloven feet. [potion of mutation]
   141 | D:4      | Gained mutation: You can translocate small distances at will. [potion of mutation]
   164 | D:4      | Killed a worker ant
   164 | D:4      | Reached skill level 1 in Conjurations
   164 | D:4      | Reached skill level 3 in Air Magic
   164 | D:4      | Reached XP level 2. HP: 5/20 MP: 0/7
   205 | D:5      | Entered Level 5 of the Dungeon
   209 | D:5      | Learned a level 2 spell: Repel Missiles
   246 | D:5      | Noticed a phantom
   311 | D:3      | Found a sparkling altar of Nemelex Xobeh.
   405 | D:2      | Reached skill level 1 in Fighting
   405 | D:2      | Reached XP level 3. HP: 4/28 MP: 0/8
   488 | D:2      | You fall through a shaft!
   530 | D:3      | Found a deep blue altar of Sif Muna.
   697 | D:4      | Found a white marble altar of Elyvilon.
   731 | D:4      | Noticed an ogre
   865 | D:3      | You fall through a shaft for 2 floors!
   868 | D:6      | Noticed an orc warrior
  1004 | D:5      | Found an ancient bone altar of Kikubaaqudgha.
  1123 | D:5      | Found Kyra Kad's Antique Weapon Shoppe.
  1127 | D:5      | Got an ancient rapier
  1138 | D:5      | Identified the cursed +1 rapier "Sioguty" {drain, +Blink rF+ rC- Int+3} (You found it on level 5 of the Dungeon)
  1164 | D:5      | Identified a scroll of acquirement
  1165 | D:5      | Got a dazzling lajatang
  1181 | D:5      | Learned a level 2 spell: Swiftness
  1277 | D:5      | Found a staircase to the Ecumenical Temple.
  1313 | D:6      | Found a sacrificial altar of Ru.
  1350 | D:5      | Noticed a sky beast
  1370 | D:5      | Reached XP level 4. HP: 17/37 MP: 9/9
  1569 | D:5      | Found a glowing golden altar of the Shining One.
  1729 | D:5      | Found a glowing silver altar of Zin.
  1833 | D:5      | Found an oddly glowing altar of Pakellas.
  1866 | D:5      | Identified the +6 lajatang "Xaecs" {slice, rC+ MR+} (You acquired it on level 5 of the Dungeon)
  1954 | D:3      | Reached skill level 1 in Staves
  2311 | D:2      | uhh
  2401 | D:1      | You fall through a shaft!
  2526 | D:3      | Found a faded altar to an unknown god.
  2581 | D:3      | Noticed Jessica
  2587 | D:3      | Reached XP level 5. HP: 44/44 MP: 10/10
  2589 | D:3      | Killed Jessica
  2724 | D:5      | Killed a phantom
  2724 | D:5      | Reached XP level 6. HP: 47/51 MP: 11/11
  2807 | D:6      | Reached skill level 1 in Armour
  3018 | D:6      | Reached skill level 4 in Staves
  3137 | D:6      | Reached XP level 7. HP: 35/59 MP: 12/12
  3254 | D:8      | Found a shimmering altar of Xom.
  3393 | D:8      | Reached skill level 5 in Staves
  3398 | D:8      | Gained mutation: You are partially covered in thin metallic scales (AC +2). [mutagenic meat]
  3399 | D:8      | Gained mutation: You possess an exceptional clarity of mind. [mutagenic meat]
  3400 | D:8      | Gained mutation: You can breathe flames. [mutagenic meat]
  3401 | D:8      | Gained mutation: You are weak. (Str -2) [mutagenic meat]
  3583 | D:9      | Reached XP level 8. HP: 67/67 MP: 13/13
  3652 | D:9      | Reached skill level 5 in Fighting
  3686 | D:9      | Noticed emiel's ghost (novice DDNe)
  3760 | D:9      | Reached skill level 6 in Staves
  3977 | D:7      | Found an iron altar of Okawaru.
  4102 | D:10     | Entered Level 10 of the Dungeon
  4139 | D:10     | Reached skill level 7 in Staves
  4192 | D:10     | Reached XP level 9. HP: 68/74 MP: 14/14
  4284 | D:10     | Noticed a hill giant
  4500 | D:11     | Found a staircase to the Lair.
  4543 | D:11     | Noticed 4thArraOfDagon's ghost (novice VSBe)
  4642 | D:12     | Reached skill level 8 in Staves
  4645 | D:12     | Found a large runed door.
  4645 | D:12     | Found a large runed door.
  4646 | D:12     | Noticed a centaur warrior
  4646 | D:12     | Noticed a hill giant
  4647 | D:12     | Lost mutation: You are weak. (Str -2) [potion of cure mutation]
  4647 | D:12     | Lost mutation: You possess an exceptional clarity of mind. [potion of cure mutation]
  4647 | D:12     | Lost mutation: You can translocate small distances at will. [potion of cure mutation]
  4647 | D:12     | Lost mutation: You have large cloven feet. [potion of cure mutation]
  4659 | D:12     | Reached skill level 5 in Armour
  4664 | D:12     | Killed a hill giant
  4673 | D:12     | Killed a centaur warrior
  4673 | D:12     | Reached skill level 9 in Staves
  4849 | D:13     | Noticed a manticore
  4862 | D:14     | Noticed a hill giant
  4862 | D:14     | Noticed a green ugly thing
  4863 | D:14     | Found a shadowy altar of Dithmenos.
  4864 | D:14     | Noticed a green ugly thing
  4865 | D:14     | Noticed a green ugly thing
  4866 | D:14     | Noticed a green ugly thing
  4886 | D:13     | Noticed a manticore
  4886 | D:13     | Noticed a hill giant
  4922 | D:13     | Reached XP level 10. HP: 82/82 MP: 15/15
  4980 | D:13     | Killed a manticore
  4990 | D:13     | Killed a hill giant
  4990 | D:13     | Reached skill level 10 in Staves
  5021 | D:14     | Noticed a cyclops
  5330 | D:13     | Killed a manticore
  5408 | D:14     | Noticed a hill giant
  5411 | D:14     | Noticed a tengu warrior
  5426 | D:13     | Killed a hill giant
  5426 | D:13     | Reached skill level 11 in Staves
  5426 | D:13     | Reached skill level 5 in Dodging
  5535 | D:15     | Entered Level 15 of the Dungeon
  5551 | D:15     | Noticed a hill giant
  5560 | D:15     | Killed a hill giant
  5616 | D:14     | Killed a tengu warrior
  5669 | D:15     | Found a portal to a secret trove of treasure.
  5692 | D:15     | Noticed a necromancer
  5713 | D:15     | Killed a necromancer
  5713 | D:15     | Reached XP level 11. HP: 88/88 MP: 17/17
  5732 | D:15     | Noticed a tengu warrior
  5748 | D:15     | Killed a tengu warrior
  5793 | D:15     | Reached skill level 12 in Staves
  5797 | D:15     | Noticed Josephine
  5870 | D:15     | Killed Josephine
  5922 | D:15     | Noticed Agnes
  5962 | D:14     | yap
  6354 | D:14     | Reached skill level 13 in Staves
  6374 | D:14     | Noticed a vault guard
  6406 | D:14     | Noticed a centaur warrior
  6440 | D:14     | Noticed a centaur warrior
  6445 | D:14     | Noticed a centaur warrior
  6462 | D:14     | Found a runed door.
  6469 | D:14     | Noticed a frost giant
  6480 | D:14     | Killed a centaur warrior
  6515 | D:14     | Killed a centaur warrior
  6523 | D:14     | Noticed a shock serpent
  6523 | D:14     | a redback changed into a shock serpent
  6546 | D:14     | Noticed a swamp dragon
  6546 | D:14     | a redback changed into a swamp dragon
  6552 | D:14     | a swamp dragon changed into a yaktaur
  6599 | D:14     | Noticed a vault guard
  6616 | D:14     | Killed a vault guard
  6656 | D:14     | Noticed a vault guard
  6672 | D:14     | Noticed a vault guard
  6692 | D:14     | Killed a vault guard
  6709 | D:14     | Killed a vault guard
  6709 | D:14     | Reached XP level 12. HP: 28/94 MP: 18/18
  6744 | D:14     | Found a gate to the Vaults.
  7104 | D:11     | Killed 4thArraOfDagon's ghost
  7104 | D:11     | Reached skill level 14 in Staves
  7257 | D:10     | Reached skill level 1 in Evocations
  7441 | D:9      | Killed emiel's ghost
  7754 | D:12     | uhhh
  7856 | D:12     | Found a staircase to the Orcish Mines.
  7870 | Orc:1    | Entered Level 1 of the Orcish Mines
  7870 | Orc:1    | Noticed Snorg
  7890 | D:12     | Killed Snorg
  8061 | Orc:1    | Noticed Erolcha
  8099 | Orc:1    | Killed Erolcha
  8683 | Orc:4    | Entered Level 4 of the Orcish Mines
  8683 | Orc:4    | Found a staircase to the Elven Halls.
  8683 | Orc:4    | Noticed Raultor's ghost (journeyman DsGl)
  9576 | Orc:2    | You fall through a shaft for 2 floors!
  9577 | Orc:4    | uhh
  9966 | Orc:4    | Reached skill level 5 in Evocations
 10060 | Orc:4    | Reached skill level 10 in Dodging
 10060 | Orc:4    | Reached XP level 13. HP: 106/106 MP: 20/20
 10297 | Orc:4    | Found Beani's Weapon Boutique.
 10328 | Orc:4    | Found Ovyfeo's Gadget Boutique.
 10330 | Orc:4    | Found Ocegy's Book Emporium.
 10344 | Orc:4    | Found Cesudi's Jewellery Shop.
 10348 | Orc:4    | :/
 10353 | Orc:4    | Bought a cursed ring of teleportation for 174 gold pieces
 10353 | Orc:4    | Bought an uncursed amulet of resist corrosion for 240 gold pieces
 10361 | Orc:4    | Bought a book of Necromancy for 360 gold pieces
 10365 | Orc:4    | Learned a level 3 spell: Regeneration
 10367 | Orc:4    | Learned a level 1 spell: Animate Skeleton
 10372 | Orc:4    | Learned a level 3 spell: Conjure Flame
 10383 | Orc:4    | Bought a +0 lajatang for 225 gold pieces
 10422 | Elf:1    | Entered Level 1 of the Elven Halls
 10558 | Elf:1    | Reached skill level 1 in Necromancy
 10570 | Elf:1    | Reached skill level 1 in Charms
 10570 | Elf:1    | Reached skill level 1 in Fire Magic
 10587 | Elf:1    | hmm
 10698 | Elf:1    | Gained mutation: You are agile. (Dex +2) [potion of beneficial mutation]
 10849 | Elf:1    | Found an ancient bone altar of Kikubaaqudgha.
 11045 | Elf:2    | Found Suuroed's Magic Scroll Emporium.
 11099 | Elf:2    | Learned a level 2 spell: Cure Poison
 11259 | Elf:2    | Found a runed gate.
 11266 | Elf:2    | Found a runed gate.
 11268 | Elf:2    | Found a runed gate.
 11427 | Elf:2    | Bought a scroll of enchant armour for 120 gold pieces
 11427 | Elf:2    | Bought a scroll of teleportation for 48 gold pieces
 11427 | Elf:2    | Bought a scroll of holy word for 120 gold pieces
 11427 | Elf:2    | Bought a scroll of identify for 32 gold pieces
 11427 | Elf:2    | Bought a scroll of identify for 32 gold pieces
 11427 | Elf:2    | Bought a scroll of identify for 32 gold pieces
 11427 | Elf:2    | Bought a scroll of enchant weapon for 120 gold pieces
 11432 | Elf:2    | Bought a scroll of noise for 16 gold pieces
 11522 | Elf:2    | Learned a level 4 spell: Sticky Flame
 11529 | Elf:3    | Entered Level 3 of the Elven Halls
 11560 | Elf:3    | mehhh
 11828 | Elf:3    | Noticed a deep elf demonologist
 11843 | Elf:3    | Noticed a deep elf sorcerer
 11878 | Elf:3    | Killed a deep elf sorcerer
 11884 | Elf:3    | Killed a deep elf demonologist
 11884 | Elf:3    | Reached skill level 5 in Spellcasting
 11900 | Elf:3    | Learned a level 2 spell: Stoneskin
 11972 | Elf:3    | Noticed a deep elf sorcerer
 11972 | Elf:3    | Noticed a deep elf demonologist
 11995 | Elf:3    | Killed a deep elf demonologist
 12001 | Elf:3    | Killed a deep elf sorcerer
 12001 | Elf:3    | Reached skill level 1 in Transmutations
 12001 | Elf:3    | Reached skill level 1 in Earth Magic
 12001 | Elf:3    | Reached XP level 14. HP: 89/115 MP: 12/26
 12110 | Elf:3    | Noticed a deep elf sorcerer
 12172 | Elf:3    | Noticed an Executioner
 12172 | Elf:3    | ummm
 12261 | Elf:3    | Learned a level 6 spell: Statue Form
 12357 | Elf:3    | Noticed a deep elf blademaster
 12383 | Elf:3    | Killed a deep elf blademaster
 12444 | Elf:3    | Got an ancient pewter ring
 12477 | Elf:3    | Identified the ring "Guix" {rF+ rC+ Stlth+} (You took it off a deep elf blademaster on level 3 of the Elven Halls)
 12478 | Elf:3    | n1
 12553 | Elf:3    | Killed a deep elf sorcerer
 12576 | Elf:3    | Noticed a deep elf master archer
 12741 | Elf:3    | Killed a deep elf master archer
 12943 | Elf:3    | Noticed a deep elf sorcerer
 12968 | Elf:3    | Killed a deep elf sorcerer
 12980 | Elf:3    | Noticed a deep elf master archer
 13213 | Elf:3    | Killed a deep elf master archer
 13263 | Elf:3    | Reached skill level 5 in Transmutations
 13263 | Elf:3    | Reached skill level 5 in Earth Magic
 13278 | Elf:3    | Noticed a deep elf sorcerer
 13290 | Elf:3    | Killed a deep elf sorcerer
 13300 | Elf:3    | Noticed a deep elf sorcerer
 13300 | Elf:3    | Noticed a deep elf blademaster
 13313 | Elf:3    | Killed a deep elf blademaster
 13441 | Elf:3    | Killed a deep elf sorcerer
 13558 | Elf:3    | Got a shimmering copper ring
 13559 | Elf:3    | Identified the ring "Bywemidd" {Ice +Inv Int+4} (You took it off a deep elf death mage on level 3 of the Elven Halls)
 13611 | Elf:3    | Got a pitted leather armour
 13727 | Elf:3    | Noticed a deep elf sorcerer
 13788 | Elf:3    | Killed a deep elf sorcerer
 13879 | Elf:3    | Noticed a Brimstone Fiend
 13933 | Elf:3    | Got a bronze scale mail
 13934 | Elf:3    | Identified the cursed +0 scale mail of Erripucs {Regen+ rCorr} (You found it on level 3 of the Elven Halls)
 13943 | Elf:3    | uhh
 13965 | Elf:3    | Identified the cursed +0 leather armour of Cowardice {rN+++ Str+5 Dex-4} (You took it off a deep elf death mage on level 3 of the Elven Halls)
 14003 | Elf:3    | Reached XP level 15. HP: 121/121 MP: 31/31
 14632 | Lair:1   | Entered Level 1 of the Lair of Beasts
 14663 | Lair:1   | You fall through a shaft!
 15097 | Lair:1   | Learned a level 1 spell: Apportation
 15466 | Lair:4   | Noticed Urug
 15491 | Lair:4   | Killed Urug
 15627 | Lair:5   | Got a faintly glowing ring mail
 15655 | Lair:6   | Found a hole to the Spider Nest.
 15710 | Lair:6   | Found a labyrinth entrance.
 15743 | Lab      | Entered a labyrinth
 16038 | Lab      | uhh
 16169 | Lab      | Identified the Handbook of Transmutation (You found it in a labyrinth)
 16177 | Lab      | Got an ancient glaive
 16180 | Lab      | Identified the +4 ring mail of Siwudaps {rPois Dex+4} (You found it on level 5 of the Lair of Beasts)
 16182 | Lab      | Identified the +7 glaive "Etugoel" {speed, +Blink rF- Int+4 SInv} (You found it in a labyrinth)
 16183 | Lab      | hmmmm
 16243 | Lair:7   | Got a scorched morningstar
 16244 | Lair:7   | Identified the +7 morningstar "Homnem" {antimagic, rF+ Str+3 Dex-3} (You found it on level 7 of the Lair of Beasts)
 16419 | Lair:8   | Entered Level 8 of the Lair of Beasts
 16419 | Lair:8   | Noticed HandofTrog's ghost (journeyman TrMo)
 16610 | Lair:8   | Found a runed door.
 16610 | Lair:8   | Found a viscous altar of Jiyva.
 16610 | Lair:8   | Found a staircase to the Slime Pits.
 16610 | Lair:8   | Noticed an acid blob
 16610 | Lair:8   | Noticed an acid blob
 17666 | Spider:1 | Entered Level 1 of the Spider Nest
 18135 | Spider:3 | Reached XP level 16. HP: 128/128 MP: 34/34
 18150 | Spider:3 | Reached skill level 10 in Earth Magic
 18255 | Spider:4 | Entered Level 4 of the Spider Nest
 18341 | Spider:4 | Reached skill level 10 in Transmutations
 18522 | Spider:4 | Learned a level 8 spell: Summon Horrible Things
 18641 | Spider:4 | Reached skill level 1 in Summonings
 19224 | Spider:4 | Reached skill level 10 in Spellcasting
 19308 | Spider:4 | Got a gossamer rune of Zot
 19714 | Lair:5   | Found a staircase to the Shoals.
 19715 | Lair:5   | nice
 19763 | Shoals:1 | Entered Level 1 of the Shoals
 19763 | Shoals:1 | Noticed Donald
 19789 | Lair:5   | Killed Donald
 19790 | Lair:5   | Reached skill level 5 in Summonings
 19797 | Lair:5   | Got a warped shield
 19798 | Lair:5   | Identified the cursed -3 shield of Dawasm {*Confuse Str-2 Int+8 Dex+4} (You took it off Donald on level 5 of the Lair of Beasts)
 19843 | Shoals:1 | Reached skill level 1 in Translocations
 19858 | Shoals:1 | Found a frozen archway.
 19873 | IceCv    | Entered an ice cave
 20377 | Shoals:1 | Reached XP level 17. HP: 138/138 MP: 34/36
 20503 | Shoals:2 | Noticed Polyphemus
 20504 | Shoals:2 | Noticed Aizul
 20513 | Shoals:2 | Killed Polyphemus
 20545 | Shoals:2 | Killed Aizul
 20672 | Shoals:3 | Noticed Nikola
 20672 | Shoals:3 | Noticed Jorgrun
 20674 | Shoals:3 | Noticed Mara
 20681 | Shoals:3 | Killed Jorgrun
 20771 | Shoals:2 | Killed Nikola
 20803 | Shoals:2 | Got a polished leather armour
 20814 | Shoals:2 | Identified the +1 leather armour "Rixe" {Str+2 Int+6} (You found it on level 2 of the Shoals)
 20814 | Shoals:2 | nice
 20859 | Shoals:3 | Noticed 4thArraOfDagon's illusion
 20923 | Shoals:3 | Noticed 4thArraOfDagon's illusion
 21042 | Shoals:4 | Entered Level 4 of the Shoals
 21156 | Shoals:4 | Reached skill level 10 in Fighting
 21325 | Shoals:4 | Noticed Ilsuiw
 21507 | Shoals:4 | Got a barnacled rune of Zot
 21924 | Lair:8   | HP: 3/183 [HandofTrog's ghost (19)]
 22006 | Lair:8   | jesus
 22134 | Slime:1  | Entered Level 1 of the Pits of Slime
 22210 | Slime:1  | Gained mutation: You are frail (-10% HP). [a shining eye]
 22218 | Slime:1  | Gained mutation: You expend magic power (3 MP) to strengthen your wands. [a shining eye]
 22494 | Slime:4  | Gained mutation: You tend to lose your temper in combat. [a shining eye]
 22495 | Slime:4  | Gained mutation: Scrolls take you a little longer to read. [a shining eye]
 22499 | Slime:4  | thx
 22568 | Slime:6  | Entered Level 6 of the Pits of Slime
 22639 | Slime:5  | Reached XP level 18. HP: 134/134 MP: 30/38
 22798 | Slime:6  | Noticed the Royal Jelly
 22830 | Slime:5  | Gained mutation: You are weak. (Str -2) [a shining eye]
 22962 | Slime:6  | Reached skill level 10 in Summonings
 23013 | Slime:6  | Found a viscous altar of Jiyva.
 23086 | Slime:6  | Gained mutation: You are very weak. (Str -4) [a shining eye]
 23201 | Slime:6  | Slain by an acid blob

Vault maps used:
D:1:      minmay_arrival_four_houses
D:2:      cheibriados_altar_wand_db
D:3:      lemuel_castle_with_subvaults, nicolae_overflow_crystal_walls,
          lemuel_doored_altar, ecumenical_altar_2, kennysheep_jessica_study
D:4:      grunt_temple_overflow_forces_of_nature, overflow_temple_1_default,
          first_bread, minivault_27,
          nicolae_gozag_cash_rules_everything_around_me, uniq_sigmund,
          uniq_edmund, uniq_eustachio
D:5:      kiku_gazebo_garden_becter, zin_statuary,
          minmay_temple_entry_from_below_b, basic_altar, serial_shops,
          shop_statue, grunt_pakellas_salt
D:6:      kennysheep_mini
D:7:      okawaru_ov_weapons_minmay, the_bakery, minmay_misc_feat_x,
          corexii_hall_statues_x
D:8:      tso_altar, xom_confusion_cloud
D:9:      lemuel_round_altar
D:10:     serial_ice, serial_ice_b, serial_ice_n, serial_ice_a, serial_ice_f,
          uniq_grum
D:11:     minmay_lair_entry_lava
D:12:     orc_0_dummy, columned_hall_lemuel, jmf_multi_god_temple2
D:14:     erik_vaults_2, grunt_dithmenos_smoke_and_mirrors, minmay_hidden_floor
D:15:     gammafunk_depths_entry_grave, nicolae_trove_entry_crossroad,
          minivault_25, uniq_josephine, uniq_agnes, uniq_roxanne
Lair:1:   st_stairs_7
Lair:2:   ice2_lemuel
Lair:3:   nicolae_quartered_pool_super
Lair:4:   uniq_urug
Lair:5:   minmay_shoals_entry_centaurs
Lair:6:   spider_nest_entry_a, lab_entry_generic, grunt_megastairs_2
Lair:8:   evilmike_catoblepas_cave, slime_altar_2, minivault_19,
          infiniplex_staircase_pool
Shoals:1: portal_ice_cave_entry_ice_beasts, yaktaur_hedge, uniq_donald
Shoals:2: shoals_oasis, uniq_polyphemus, uniq_aizul
Shoals:3: serial_shops, shop_fountains, nicolae_shoals_hunting_party,
          uniq_nikola, uniq_mara, uniq_jorgrun
Shoals:4: shoals_end_grunt_ice, shoal_ilsuiw, nicolae_shoals_loop_pool
Spider:2: nicolae_spider_webbed_stairs
Spider:3: spider_trap
Spider:4: guppyfry_spider_rune, special_room, spider_trap, nicolae_orb_stairs
Slime:2:  nicolae_slime_round_cave
Orc:1:    uniq_snorg, uniq_erolcha
Orc:3:    nicolae_orc_pool_cavern
Orc:4:    st_orc_open
Elf:1:    eino_elf_arrival_shootout, minmay_elf_crystal_hexagon,
          david_defended_altar_elf
Elf:2:    serial_shops, shop, library_closet
Elf:3:    grunt_elf_hall_asides, spider_trap
Lab:      labyrinth_skeletal_remains, nicolae_lab_blocks, nicolae_lab_grate_2,
          nicolae_lab_grate, lab_hedge, nicolae_lab_arrow
IceCv:    ice_cave_caverns_01

Action                   |  1- 3 |  4- 6 |  7- 9 | 10-12 | 13-15 | 16-18 || total
-------------------------+-------+-------+-------+-------+-------+-------++-------
Melee: Short sword       |    12 |       |       |       |       |       ||    12
       Unarmed           |     2 |       |       |       |       |       ||     2
       Rapier            |     8 |    23 |       |       |       |       ||    31
       Lajatang          |       |    94 |   188 |   828 |   924 |  1346 ||  3380
       Glaive            |       |       |       |       |   529 |   149 ||   678
Throw: Throwing net      |       |       |     1 |     1 |       |       ||     2
 Cast: Shock             |    42 |    21 |    20 |     3 |       |       ||    86
       Repel Missiles    |     1 |       |     2 |     7 |     9 |     5 ||    24
       Regeneration      |       |       |       |       |   106 |   152 ||   258
       Conjure Flame     |       |       |       |       |    22 |       ||    22
       Sticky Flame      |       |       |       |       |    14 |       ||    14
       Cure Poison       |       |       |       |       |     6 |     3 ||     9
       Apportation       |       |       |       |       |    26 |    53 ||    79
       Statue Form       |       |       |       |       |    17 |    57 ||    74
       Stoneskin         |       |       |       |       |     1 |     5 ||     6
       Animate Skeleton  |       |       |       |       |       |    14 ||    14
 Abil: Blink             |     3 |       |       |       |       |       ||     3
       Evoke Teleportati |       |       |       |       |    10 |     5 ||    15
       Evoke Blink       |       |       |       |       |     1 |     7 ||     8
       End Transformatio |       |       |       |       |       |     2 ||     2
Evoke: Wand              |       |       |     1 |     4 |    13 |    38 ||    56
       Deck              |       |       |       |       |     2 |     3 ||     5
       Staff of energy   |       |       |       |       |       |     9 ||     9
       Box of beasts     |       |       |       |       |       |     3 ||     3
       Fan of gales      |       |       |       |       |       |     1 ||     1
  Use: Potion            |     3 |       |     6 |     3 |     6 |     9 ||    27
       Scroll            |     5 |     4 |     2 |     7 |    34 |    19 ||    71
 Stab: Sleeping          |       |       |     3 |     3 |    15 |     5 ||    26
       Held in net/web   |       |       |       |     1 |       |       ||     1
       Invisible         |       |       |       |     1 |       |       ||     1
       Distracted        |       |       |       |     1 |     1 |     2 ||     4
       Petrified         |       |       |       |       |       |     4 ||     4
  Eat: Beef jerky        |     1 |       |     1 |       |     1 |     1 ||     4
       Chunk             |       |     5 |    11 |    18 |    29 |    13 ||    76
       Pizza             |       |     1 |       |       |     3 |       ||     4
       Fruit             |       |       |     1 |       |     6 |       ||     7
       Royal jelly       |       |       |       |       |     2 |    14 ||    16
       Bread ration      |       |       |       |       |     1 |     1 ||     2
